 Dungeon Crawl Stone Soup version 0.28-a0-479-g5baa6b73be (webtiles) character file.

Game seed: 1418687065351070001

1150 heikuro the Cleaver (level 8, 0/70 HPs)
             Began as a Minotaur Berserker on Sept 18, 2021.
             Was a Priest of Trog.
             Killed from afar by an orc wizard (11 damage)
             ... with a magic dart
             ... on level 5 of the Dungeon.
             The game lasted 00:07:37 (5122 turns).

heikuro the Cleaver (Minotaur Berserker)            Turns: 5122, Time: 00:07:38

Health: 0/70       AC:  8    Str: 24    XL:     8   Next: 15%
Magic:  7/7        EV: 11    Int:  4    God:    Trog [***...]
Gold:   227        SH:  0    Dex: 10    Spells: 7/7 levels left

rFire   . . .      SeeInvis .   a - +2 war axe (vorpal)
rCold   + . .      Faith    .   (no shield)
rNeg    . . .      Spirit   .   s - +0 scale mail
rPois   .          Reflect  .   (helmet restricted)
rElec   .          Harm     .   (no cloak)
rCorr   .          Rampage  .   (no gloves)
Will    ++...                   i - +0 pair of boots
Stlth   ..........              (no amulet)
HPRegen 1.21/turn               l - ring of protection from cold
MPRegen 0.10/turn               (no ring)

@: strong-willed (expiring), regenerating (expiring)
A: horns 2, retaliatory headbutt
a: Renounce Religion, Berserk, Trog's Hand


You were on level 5 of the Dungeon.
You worshipped Trog.
Trog was most pleased with you.
You visited 1 branch of the dungeon, and saw 5 of its levels.
You also visited: Sewer.

You collected 227 gold pieces.

Inventory:

Hand Weapons
 a - a +2 vorpal war axe (weapon)
 b - a +0 shortbow
 n - a +0 dagger of venom
Missiles
 h - 52 arrows
 r - 3 poisoned darts (quivered)
Armour
 i - a +0 pair of boots (worn)
 s - a +0 scale mail (worn)
Jewellery
 l - a ring of protection from cold (left hand)
Wands
 j - a wand of charming (9)
 p - a wand of mindburst (6)
 v - a wand of paralysis (8)
Scrolls
 e - a scroll of magic mapping {unknown}
 g - a scroll of fear {unknown}
 m - a scroll of immolation {unknown}
 o - 2 scrolls of enchant armour {unknown}
 q - a scroll of identify {unknown}
 u - a scroll of silence {unknown}
Potions
 c - 3 potions of curing
 d - a potion of resistance {unknown}
 f - 2 potions of lignification {unknown}
 k - a potion of ambrosia {unknown}
 t - 2 potions of degeneration {unknown}
 w - 2 potions of flight {unknown}
 x - a potion of magic {unknown}
 z - a potion of might {unknown}


   Skills:
 + Level 6.2 Fighting
 * Level 8.1 Axes
 + Level 0.7 Bows
 + Level 5.6 Armour
 + Level 5.1 Dodging


You had 7 spell levels left.
You didn't know any spells.
Your spell library was empty.

Dungeon Overview and Level Annotations

Branches:
Dungeon (5/15)              Sewer (visited)
 Temple: D:4-7

Altars:
Cheibriados
Fedhas
Hepliaklqana


Innate Abilities, Weirdness & Mutations

You have a pair of horns on your head.
You reflexively headbutt those who attack you in melee.


Message History

You are too injured to fight recklessly!
You are too injured to fight recklessly!
You hit the orc warrior but do no damage.
Your headbutt misses the orc warrior.
The orc warrior is almost dead.
The orc warrior hits you with a +0 war axe.
* * * LOW HITPOINT WARNING * * *
You are too injured to fight recklessly!
You completely miss the orc warrior.
The orc warrior is almost dead.
The orc wizard gestures wildly while chanting.
The orc wizard flickers and vanishes!
The orc warrior hits you with a +0 war axe!
* * * LOW HITPOINT WARNING * * *
You hit the orc warrior.
You kill the orc warrior!
Trog accepts your kill. Something hits you but does no damage.
Your Axes skill increases to level 8!
Unknown command.
Okay, then.
Unknown command.
Your skin crawls.
You feel strong-willed.
You feel the effects of Trog's Hand fading.
Something hits you but does no damage.
You miss something. You headbutt something.
Something hits you but does no damage.
You barely miss something. Something hits you but does no damage.
You barely miss something. You headbutt something! Trog accepts your kill.
Trog appreciates your killing of a magic user.
Reactivating autopickup.
You feel a bit more experienced.
Deactivating autopickup; reactivate with Ctrl-A.
You slash something!
You hear some strange, mumbled words.
A magic dart appears from out of thin air!
The magic dart hits you!
You die...

#.# #.# #.#
# #.# #.#.#
#.#.####.#
#........#
#.#.########
###.@{.(.((.
##########


There were no monsters in sight!

Vanquished Creatures
  An orc warrior (D:5)
  4 necrophages (D:4)
  A centaur (D:5)
  A bullfrog (Sewer)
  2 scorpions
  A water moccasin zombie (D:4)
  A jelly (D:3)
  An iguana (D:4)
  Terence (D:3)
  An orc wizard (D:5)
  A scorpion zombie (D:4)
  Robin (D:3)
  4 gnolls (D:3)
  A river rat (D:3)
  9 adders
  2 adder skeletons (D:4)
  A worm (D:2)
  2 dart slugs
  5 orcs
  4 endoplasms
  11 giant cockroaches
  10 goblins
  12 hobgoblins
  5 jackals (D:2)
  5 kobolds
  8 quokkas
  8 ball pythons
  5 bats
  5 frilled lizards
  A jackal zombie (D:4)
  5 rats
119 creatures vanquished.

Vanquished Creatures (others)
  2 bushes (D:4)
  10 plants (D:4)
12 creatures vanquished.

Grand Total: 131 creatures vanquished

Notes
Turn   | Place    | Note
-------+----------+-------------------------------------------
     0 | D:1      | heikuro the Minotaur Berserker began the quest for the Orb.
     0 | D:1      | Reached XP level 1. HP: 19/19 MP: 0/0
   252 | D:1      | Reached XP level 2. HP: 27/27 MP: 1/1
   423 | D:1      | Reached skill level 4 in Axes
   498 | D:1      | Found a faded altar of an unknown god.
  1319 | D:2      | Reached XP level 3. HP: 32/33 MP: 2/2
  1520 | D:2      | Reached ** piety under Trog
  2183 | D:3      | Reached XP level 4. HP: 39/40 MP: 3/3
  2321 | D:3      | Noticed Robin
  2334 | D:3      | Killed Robin
  2335 | D:3      | Reached skill level 5 in Axes
  2360 | D:3      | HP: 2/41 [poisoned by a kobold]
  2421 | D:3      | Reached XP level 5. HP: 14/47 MP: 4/4
  2438 | D:3      | Found a glowing drain.
  2446 | Sewer    | Entered a sewer
  2731 | Sewer    | Reached *** piety under Trog
  3271 | Sewer    | Reached XP level 6. HP: 55/55 MP: 5/5
  3398 | D:3      | Noticed Terence
  3407 | D:3      | Killed Terence
  3579 | D:3      | Reached skill level 6 in Axes
  3583 | D:3      | Reached skill level 5 in Fighting
  4072 | D:4      | Found a snail-covered altar of Cheibriados.
  4110 | D:4      | Found a blossoming altar of Fedhas.
  4491 | D:4      | Found a hazy altar of Hepliaklqana.
  4688 | D:4      | Reached XP level 7. HP: 61/61 MP: 6/6
  4689 | D:4      | Reached skill level 7 in Axes
  4689 | D:4      | Reached skill level 5 in Armour
  4825 | D:5      | Entered Level 5 of the Dungeon
  5022 | D:5      | Reached skill level 5 in Dodging
  5022 | D:5      | Reached XP level 8. HP: 69/70 MP: 7/7
  5118 | D:5      | Reached skill level 8 in Axes
  5122 | D:5      | Killed from afar by an orc wizard

Illustrated notes

Levels and vault maps discovered:
D:1:      saegor_arrival_simple_d, layout_basic,
          shapermc_ecumenical_altar_mp_ritualfount
D:2:      layout_loops_corners
D:3:      layout_basic, gup_sewer_entry_bubbles, uniq_robin, uniq_terence
D:4:      layout_rooms, fedhas_altar_decomposition, lemuel_doored_altar,
          kennysheep_mini, minmay_checkerbox
D:5:      layout_basic, minmay_misc_feat_square

Skill      XL: |  1  2  3  4  5  6  7  8 |
---------------+-------------------------+-----
Axes           | 4 5 6 7 8 |  8.1
Fighting       | 4 5 6 |  6.2
Armour         | 3 4 5 |  5.6
Dodging        | 3 4 5 |  5.1
Bows           | |  0.7

Action                   |  1- 3 |  4- 6 |  7- 9 || total
-------------------------+-------+-------+-------++-------
Melee: Hand axe          |    66 |   159 |       ||   225
       Headbutt          |    11 |    26 |     8 ||    45
       War axe           |       |    28 |    30 ||    58
 Fire: Shortbow          |       |       |     5 ||     5
Throw: Dart              |       |     3 |     2 ||     5
Invok: Berserk           |     1 |     7 |       ||     8
       Trog's Hand       |       |       |     1 ||     1
  Use: Scroll            |     1 |       |       ||     1
       Potion            |       |     2 |       ||     2
Armor: Animal skin       |    11 |       |       ||    11
       Leather armour    |     1 |    32 |       ||    33
       Scale mail        |       |    17 |     7 ||    24
Dodge: Dodged            |    41 |   121 |    13 ||   175

Table legend: (Time is in decaauts)
 A = Elapsed time spent in this place.
 B = Non-inter-level travel time spent in this place.
 C = Inter-level travel time spent in this place.
 D = Time resting spent in this place.
 E = Time spent auto-exploring this place.
 F = Levels seen in this place.
 G = Mean time per level.
                   A        B        C        D        E       F      G
               +--------+--------+--------+--------+--------+-----+--------+
         Total |   5294 |   4941 |    353 |   1006 |   2670 |   6 |  882.3 |
       Dungeon |   4351 |   3998 |    353 |    433 |   2614 |   5 |  870.2 |
         Sewer |    942 |    942 |      0 |    573 |     56 |   1 |  942.0 |
               +--------+--------+--------+--------+--------+-----+--------+

Top non-repeatable levels by time:
     D:2: 1223 daAuts
     D:3: 1094 daAuts
   Sewer: 942 daAuts
     D:1: 931 daAuts
     D:4: 804 daAuts
     D:5: 298 daAuts
